[Event "Titled Tuesday Blitz March 08 Late 2022"]
[White "Maksimovic, Bojan"]
[Black "Gracia Alvarez, Gerardo Antonio"]
[WhiteFideId "14408120"]
[BlackFideId "5109124"]
[WhiteElo "2708"]
[BlackElo "2464"]
[Result "1-0"]
[Round "03"]
[TimeControl "180+1"]
[Date "2022.03.09"]
[WhiteClock "0:00:04"]
[BlackClock "0:00:08"]

1. a3 e5 2. c4 Nf6 3. b4 d5 4. cxd5 Nxd5 5. Bb2 Bd6 6. e3 O-O 7. Nc3 Be6 8. Nf3 Nd7 9. Qc2 Kh8 10. Bd3 Nxc3 11. Bxc3 f5 12. Be2 Bd5 13. Qb2 Qe7 14. d3 Rae8 15. Rd1 b6 16. Qc2 Bb7 17. e4 Nf6 18. Nd2 Qf7 19. Bf3 fxe4 20. dxe4 Ba6 21. a4 Nh5 22. b5 Bc8 23. O-O Nf4 24. Kh1 Be6 25. Bb2 g5 26. Rc1 g4 27. Bd1 Qh5 28. Nc4 Rf6 29. Qd2 Rh6 30. Qxf4 Rf8 31. Qg3 Qg5 32. Bxe5+ Kg8 33. Bxd6 Qxc1 34. Bxf8 Bxc4 35. Bxh6 Bxf1 36. Bxc1 1-0


[Site "https://www.chess.com"]

[Event "Titled Tuesday Blitz March 08 Late 2022"]
[White "Maranhao,Jose Renato Ruiz"]
[Black "Toncheva, Nadya"]
[WhiteFideId "2135175"]
[BlackFideId "2924056"]
[WhiteElo "1970"]
[BlackElo "1884"]
[Result "0-1"]
[Round "03"]
[TimeControl "180+1"]
[Date "2022.03.09"]
[WhiteClock "0:00:03"]
[BlackClock "0:00:34"]

1. e4 Nf6 2. e5 Nd5 3. c4 Nb6 4. d4 d6 5. f4 g6 6. Nf3 Bg7 7. a4 O-O 8. a5 N6d7 9. Be2 c5 10. O-O cxd4 11. exd6 Nc6 12. dxe7 Qxe7 13. Nbd2 Nc5 14. Re1 Bf5 15. b4 Nxb4 16. Ba3 Nc2 17. Nb3 b6 18. Nfxd4 Nxe1 19. Nxf5 gxf5 20. Nxc5 bxc5 21. Qxe1 Bxa1 22. Qxa1 Qxe2 23. Bb2 Rfd8 0-1


[Site "https://www.chess.com"]

[Event "Titled Tuesday Blitz March 08 Late 2022"]
[White "Martin Barcelo, Carles"]
[Black "Hartikainen, Jarmo"]
[WhiteFideId "24561444"]
[BlackFideId "503134"]
[WhiteElo "1875"]
[BlackElo "2108"]
[Result "1-0"]
[Round "03"]
[TimeControl "180+1"]
[Date "2022.03.09"]
[WhiteClock "0:01:40"]
[BlackClock "0:00:52"]

1. e4 c5 2. Nf3 Nc6 3. Bb5 g6 4. Bxc6 dxc6 5. d3 Bg4 6. Nbd2 Bg7 7. h3 Bxf3 8. Nxf3 e5 9. O-O h6 10. a4 a5 11. Be3 b6 12. Nd2 Nf6 13. Nc4 Qc7 14. f4 Nd7 15. f5 O-O 16. Qg4 Kh7 17. Rf2 b5 18. Na3 Rab8 19. b3 bxa4 20. bxa4 Rb4 21. Nc4 Qb8 22. fxg6+ fxg6 23. Qxd7 Rxf2 24. Bxf2 Rb1+ 25. Rxb1 Qxb1+ 26. Kh2 Qxc2 27. Bg3 1-0


[Site "https://www.chess.com"]

[Event "Titled Tuesday Blitz March 08 Late 2022"]
[White "Martin Duque, Jesus"]
[Black "Nikologorsky, Matfei"]
[WhiteFideId "2208954"]
[BlackFideId "24102474"]
[WhiteElo "2555"]
[BlackElo "2300"]
[Result "0-1"]
[Round "03"]
[TimeControl "180+1"]
[Date "2022.03.09"]
[WhiteClock "0:00:18"]
[BlackClock "0:00:09"]

1. c4 e5 2. Nc3 Nf6 3. Nf3 Nc6 4. e3 d5 5. cxd5 Nxd5 6. Qc2 Be7 7. a3 O-O 8. Be2 Re8 9. O-O Bf8 10. d3 Nxc3 11. bxc3 Be6 12. Rb1 b6 13. d4 exd4 14. cxd4 Ne7 15. Bd3 Ng6 16. Bb2 c5 17. Bb5 Bd7 18. Bc4 Bg4 19. Qb3 Qe7 20. Bd5 Rac8 21. dxc5 Rxc5 22. h3 Be6 23. Rfd1 Bxd5 24. Rxd5 Qe6 25. Rbd1 Rd8 26. e4 Rdxd5 27. exd5 Qd7 28. a4 Nf4 29. d6 Bxd6 30. Be5 Rxe5 31. Nxe5 Qc7 32. Nxf7 Qxf7 33. Qxf7+ Kxf7 34. Rxd6 Ke7 35. Rc6 Kd7 36. Rc4 Ne6 37. g4 Kd6 38. Kh2 Nc5 39. f4 Kd5 40. Rb4 Nd3 41. Rb5+ Kd6 42. Kg3 Nc5 43. Rb4 Kc6 44. h4 a5 45. Rc4 Kd5 46. Rc1 Nxa4 47. f5 Nc5 48. g5 a4 49. Rd1+ Ke5 50. Re1+ Kxf5 51. Re3 b5 52. Rf3+ Ke6 53. Kg4 b4 54. Rf4 b3 55. Rc4 b2 56. Rb4 Nb3 57. Rxb3 axb3 0-1


[Site "https://www.chess.com"]

[Event "Titled Tuesday Blitz March 08 Late 2022"]
[White "Martinez Alcantara, Jose Eduardo"]
[Black "Bryakin, Mikhail"]
[WhiteFideId "3805662"]
[BlackFideId "4165314"]
[WhiteElo "2690"]
[BlackElo "2417"]
[Result "1-0"]
[Round "03"]
[TimeControl "180+1"]
[Date "2022.03.08"]
[WhiteClock "0:01:22"]
[BlackClock "0:01:05"]

1. e4 c5 2. Nf3 Nc6 3. Nc3 e5 4. Bc4 d6 5. d3 h6 6. h3 Nf6 7. Nd5 Be6 8. Nxf6+ Qxf6 9. c3 O-O-O 10. Qb3 Na5 11. Bxe6+ Qxe6 12. Qxe6+ fxe6 13. Ke2 Be7 14. b4 cxb4 15. cxb4 Nc6 16. b5 Nd4+ 17. Nxd4 exd4 18. f4 e5 19. f5 Bg5 20. h4 Bxc1 21. Raxc1+ Kd7 22. Rh3 Rhf8 23. Rg3 Rf7 24. Rg6 Rg8 25. h5 Rf6 26. Kf3 Rf7 27. g4 Ra8 28. g5 hxg5 29. Kg4 Rh8 30. Kxg5 Re7 31. a4 Ra8 32. a5 Rf7 33. b6 axb6 34. axb6 Ra2 35. Rc7+ Ke8 36. Re6+ 1-0


[Site "https://www.chess.com"]

[Event "Titled Tuesday Blitz March 08 Late 2022"]
[White "McNeill, Gordon"]
[Black "Martins, Carlos"]
[WhiteFideId "30920760"]
[BlackFideId "2101688"]
[WhiteElo "2240"]
[BlackElo "2183"]
[Result "1-0"]
[Round "03"]
[TimeControl "180+1"]
[Date "2022.03.09"]
[WhiteClock "0:00:09"]
[BlackClock "0:00:08"]

1. e4 c5 2. Nf3 e6 3. c3 Nf6 4. e5 Nd5 5. b4 cxb4 6. c4 Nb6 7. d4 Be7 8. Bd3 f5 9. h4 h6 10. d5 Bc5 11. Be3 Bxe3 12. fxe3 Na6 13. g4 Nc5 14. gxf5 O-O 15. f6 d6 16. Rg1 Rf7 17. Bg6 Rc7 18. Qc2 dxe5 19. Bh7+ Kh8 20. fxg7+ Rxg7 21. Rxg7 Kxg7 22. Qg6+ Kf8 23. Qg8+ Ke7 24. Qg7+ Kd6 25. Qxe5+ Kd7 26. dxe6+ Kc6 27. Nbd2 Bxe6 28. Nd4+ Kd7 29. Ne4 1-0


[Site "https://www.chess.com"]

[Event "Titled Tuesday Blitz March 08 Late 2022"]
[White "Mikhalsky, Vladimir"]
[Black "Hollan, Martin"]
[WhiteFideId "14144352"]
[BlackFideId "360937"]
[WhiteElo "2416"]
[BlackElo "2594"]
[Result "1/2-1/2"]
[Round "03"]
[TimeControl "180+1"]
[Date "2022.03.09"]
[WhiteClock "0:00:09"]
[BlackClock "0:00:05"]

1. c4 Nf6 2. Nc3 e6 3. e4 d5 4. e5 Ne4 5. Nxe4 dxe4 6. Qg4 f5 7. exf6 Qxf6 8. Qxe4 Bc5 9. Nf3 O-O 10. Bd3 g6 11. O-O Nc6 12. Qe2 Nd4 13. Nxd4 Bxd4 14. Rb1 e5 15. b3 Bd7 16. Be4 Bf5 17. Bb2 Rad8 18. d3 Bxe4 19. dxe4 c5 20. Bxd4 Rxd4 21. f3 Rfd8 22. Rbd1 Qd6 23. Rxd4 Qxd4+ 24. Qf2 Qd6 25. h3 b6 26. f4 exf4 27. Qxf4 Qxf4 28. Rxf4 Rd1+ 29. Rf1 Rd2 30. Rf2 Rd1+ 31. Kh2 Re1 32. Rd2 Rxe4 33. Rd7 a5 34. Rb7 Re2 35. a3 Re6 36. Kg3 Re3+ 37. Kf4 Rxb3 38. Kg5 Rxa3 39. Kf6 h5 40. g4 hxg4 41. hxg4 Rd3 42. Rxb6 Rd4 43. g5 Rxc4 44. Kxg6 Kf8 45. Ra6 a4 46. Kf5 Rc1 47. g6 Rf1+ 48. Kg5 Rf3 49. Rxa4 Rf1 50. Ra7 Rg1+ 51. Kf6 Rf1+ 52. Ke5 Re1+ 53. Kd5 Rg1 54. Rf7+ Kg8 55. Rf6 Kg7 56. Rc6 Rg5+ 57. Kc4 Rxg6 58. Rxg6+ Kxg6 59. Kxc5 1/2-1/2


[Site "https://www.chess.com"]

[Event "Titled Tuesday Blitz March 08 Late 2022"]
[White "Mkrtchyan, Mariam"]
[Black "Qashashvili, Alexandre"]
[WhiteFideId "13310828"]
[BlackFideId "13600842"]
[WhiteElo "1984"]
[BlackElo "2316"]
[Result "1/2-1/2"]
[Round "03"]
[TimeControl "180+1"]
[Date "2022.03.09"]
[WhiteClock "0:00:32"]
[BlackClock "0:00:29"]

1. Nf3 c6 2. g3 d5 3. Bg2 Nf6 4. c4 Bf5 5. Nh4 Be4 6. f3 Bxb1 7. Rxb1 dxc4 8. O-O e6 9. f4 b5 10. Nf3 Bc5+ 11. e3 O-O 12. Ne5 Qc7 13. Qf3 Rc8 14. b3 cxb3 15. axb3 Nfd7 16. Bb2 Nxe5 17. Bxe5 Bd6 18. Bxd6 Qxd6 19. d4 a5 20. Rfc1 Ra6 21. Rc2 a4 22. bxa4 bxa4 23. Qe2 Ra7 24. Qc4 a3 25. Ra2 h6 26. Rb3 Nd7 27. Qc3 c5 28. Raxa3 Rxa3 29. Rxa3 Rb8 30. dxc5 Qxc5 31. Qxc5 Nxc5 32. Rc3 Rb1+ 33. Kf2 1/2-1/2


[Site "https://www.chess.com"]

[Event "Titled Tuesday Blitz March 08 Late 2022"]
[White "Mogranzini, Roberto"]
[Black "Baker, Chris W"]
[WhiteFideId "810894"]
[BlackFideId "401676"]
[WhiteElo "2469"]
[BlackElo "2268"]
[Result "1-0"]
[Round "03"]
[TimeControl "180+1"]
[Date "2022.03.09"]
[WhiteClock "0:00:24"]
[BlackClock "0:00:02"]

1. e4 e5 2. Nf3 Nc6 3. Bb5 a6 4. Ba4 Nf6 5. Qe2 b5 6. Bb3 Bc5 7. c3 d6 8. O-O O-O 9. d3 h6 10. Be3 Ba7 11. Nbd2 Bb7 12. Bxa7 Rxa7 13. Rfe1 Ra8 14. Nf1 Ne7 15. Ng3 Ng6 16. Qd2 Re8 17. Nf5 d5 18. Nxh6+ gxh6 19. Qxh6 Nh7 20. Re3 Qf6 21. exd5 Rad8 22. c4 Qf4 23. Qh5 Nf6 24. Qg5 Ng4 25. Re4 Qxg5 26. Nxg5 f5 27. Ree1 Re7 28. f3 Nf6 29. Ne6 Rde8 30. Nc5 Bc8 31. cxb5 axb5 32. d6+ Rf7 33. dxc7 Kg7 34. Bxf7 Kxf7 35. a4 Re7 36. axb5 Rxc7 37. b4 Nd5 38. Reb1 Nb6 39. Rc1 Nf4 40. g3 Nfd5 41. Na6 Rxc1+ 42. Rxc1 Bxa6 43. bxa6 Nxb4 44. a7 Nxd3 45. Rb1 1-0


[Site "https://www.chess.com"]

[Event "Titled Tuesday Blitz March 08 Late 2022"]
[White "Moksh Amit Doshi"]
[Black "Yuan, Qingyu"]
[WhiteFideId "25064967"]
[BlackFideId "8609772"]
[WhiteElo "2245"]
[BlackElo "2359"]
[Result "1-0"]
[Round "03"]
[TimeControl "180+1"]
[Date "2022.03.08"]
[WhiteClock "0:00:31"]
[BlackClock "0:00:24"]

1. d4 Nf6 2. c4 g6 3. g3 c6 4. Bg2 d5 5. Nf3 Bg7 6. O-O O-O 7. b3 dxc4 8. bxc4 c5 9. Bb2 Qb6 10. Qb3 Nc6 11. d5 Na5 12. Qxb6 axb6 13. Nbd2 b5 14. cxb5 Nxd5 15. Bxg7 Kxg7 16. Rfc1 b6 17. Ne5 e6 18. Ndc4 Nxc4 19. Nxc4 Rb8 20. e4 Nb4 21. a3 Nd3 22. Rd1 Rd8 23. Bf1 Rd4 24. Bxd3 Bb7 25. f3 Rbd8 26. Be2 f5 27. exf5 gxf5 28. Rxd4 cxd4 29. Rd1 Kf6 30. f4 Be4 31. Bd3 Bf3 32. Rf1 Be4 33. Rd1 Bf3 34. Rd2 h5 35. Nxb6 h4 36. Kf2 Be4 37. Nc4 hxg3+ 38. hxg3 Bd5 39. Ne5 Rh8 40. Bf1 Rh2+ 41. Ke1 Rh1 42. b6 Bb7 43. Rxd4 Bg2 44. Rd7 Rxf1+ 45. Ke2 Bf3+ 46. Kxf1 Be2+ 47. Ke1 Bh5 48. b7 Bg6 49. Nxg6 e5 50. b8=Q exf4 51. Qe5+ Kg5 52. Qxf4+ Kf6 53. Rd6+ Kg7 54. Ne5 Kg8 55. Qg5+ Kf8 56. Qf6+ Ke8 57. Rd8# 1-0


[Site "https://www.chess.com"]

[Event "Titled Tuesday Blitz March 08 Late 2022"]
[White "Molenda, Marcin"]
[Black "Holt, Conrad"]
[WhiteFideId "1173065"]
[BlackFideId "2034387"]
[WhiteElo "2485"]
[BlackElo "2815"]
[Result "0-1"]
[Round "03"]
[TimeControl "180+1"]
[Date "2022.03.09"]
[WhiteClock "0:01:27"]
[BlackClock "0:01:58"]

1. d4 d5 2. c4 c6 3. Nf3 Nf6 4. Qb3 dxc4 5. Qxc4 Bf5 6. g3 Nbd7 7. Bg2 e6 8. O-O Bd6 9. Nc3 O-O 10. e3 e5 11. Rd1 e4 12. Ne5 Bxe5 13. dxe5 Nxe5 14. Qc5 Qb8 15. b4 Bg4 16. Rd6 Nf3+ 17. Bxf3 Bxf3 18. h3 b6 19. Qe5 Ne8 20. Nxe4 Bxe4 21. Bb2 Qxd6 0-1


[Site "https://www.chess.com"]

[Event "Titled Tuesday Blitz March 08 Late 2022"]
[White "Mortazavi, Ali"]
[Black "Petrova, Irina"]
[WhiteFideId "401323"]
[BlackFideId "14124122"]
[WhiteElo "2339"]
[BlackElo "1993"]
[Result "0-1"]
[Round "03"]
[TimeControl "180+1"]
[Date "2022.03.09"]
[WhiteClock "0:00:21"]
[BlackClock "0:00:05"]

1. Nf3 d6 2. e4 Nf6 3. Nc3 e5 4. d4 Nbd7 5. Bc4 Be7 6. a4 O-O 7. Ba2 c6 8. O-O h6 9. Re1 Re8 10. Nh4 Bf8 11. Ng6 exd4 12. Qxd4 d5 13. Nxf8 Nxf8 14. e5 N6d7 15. Bf4 Ne6 16. Qd2 Nxf4 17. Qxf4 Nf8 18. Re2 Ng6 19. Qg3 Bf5 20. Rae1 Qg5 21. a5 a6 22. Na4 Nf4 23. Re3 Bxc2 24. Nc5 Ne6 25. Nxb7 Reb8 26. Nd6 Rxb2 27. Qf3 Qg6 28. Ra3 Rab8 29. h4 Nd4 30. Qc3 R8b4 31. Kh2 Qg4 32. Qg3 Qxg3+ 33. fxg3 Nb5 34. Rf3 Rxa2 35. Rxf7 Be4 36. e6 Rxg2+ 37. Kh3 Rbb2 38. e7 Nxd6 39. Rf8+ Kh7 40. Kg4 h5+ 41. Kg5 Rbf2 42. Rxf2 Rxf2 43. g4 hxg4 44. Kxg4 Rf7 45. Rc1 Rxe7 46. Rxc6 Nc4 47. Kg5 Nxa5 48. Rxa6 Nc4 49. h5 Re5+ 50. Kf4 Rf5+ 51. Kg4 Rf6 52. h6 Rxa6 53. hxg7 Kxg7 54. Kg5 Rg6+ 0-1


[Site "https://www.chess.com"]

[Event "Titled Tuesday Blitz March 08 Late 2022"]
[White "Moussard, Jules"]
[Black "Khabinets, Ivan"]
[WhiteFideId "642908"]
[BlackFideId "14115980"]
[WhiteElo "2557"]
[BlackElo "2114"]
[Result "0-1"]
[Round "03"]
[TimeControl "180+1"]
[Date "2022.03.08"]
[WhiteClock "0:03:03"]
[BlackClock "0:01:51"]

1. Nf3 d5 2. d4 Nf6 3. e3 e6 4. Be2 Bd6 5. O-O O-O 6. b3 c5 7. Bb2 Nc6 8. Nbd2 Qe7 9. a3 e5 10. dxe5 Nxe5 11. Nxe5 Bxe5 12. Bxe5 Qxe5 13. Nf3 Qe7 14. c4 Rd8 15. Qc2 Bg4 16. h3 Bh5 17. Rfd1 Bg6 18. Qb2 Rac8 19. Rac1 b6 20. a4 a5 21. Ne5 Bf5 22. cxd5 Nxd5 23. Nc4 Qc7 24. Bf3 Nb4 25. e4 Be6 26. Qc3 Na2 27. Qe3 Nxc1 28. Rxc1 Bxc4 29. bxc4 Qe5 30. Rb1 Rd6 31. g3 Rcd8 32. Kg2 Qd4 33. Qf4 Rf6 34. Qg5 Qd3 35. Bg4 Qxe4+ 36. Kh2 Qxb1 0-1


[Site "https://www.chess.com"]

[Event "Titled Tuesday Blitz March 08 Late 2022"]
[White "Munoz, Francisco Javier"]
[Black "Mirzoev, Azer"]
[WhiteFideId "128368"]
[BlackFideId "13400304"]
[WhiteElo "2458"]
[BlackElo "2681"]
[Result "0-1"]
[Round "03"]
[TimeControl "180+1"]
[Date "2022.03.09"]
[WhiteClock "0:00:30"]
[BlackClock "0:00:19"]

1. e4 c5 2. Nf3 e6 3. c3 d5 4. exd5 Qxd5 5. d4 cxd4 6. cxd4 Nf6 7. Nc3 Qd6 8. Bd3 Be7 9. O-O Nc6 10. a3 O-O 11. Bc2 b6 12. Qd3 Bb7 13. Bg5 g6 14. Rad1 Rad8 15. Bh6 Rfe8 16. Rfe1 Qb8 17. h3 Bf8 18. Qe3 Bg7 19. Bxg7 Kxg7 20. Bb3 Na5 21. Ba2 Nd5 22. Nxd5 Bxd5 23. Bxd5 Rxd5 24. Ne5 Qb7 25. Rc1 Rc8 26. Ng4 Rf5 27. d5 Rxc1 28. Rxc1 exd5 29. Qd4+ f6 30. Ne3 Re5 31. Rd1 Nc6 32. Qf4 Ne7 33. Ng4 Re6 34. Qh6+ Kg8 35. Rc1 f5 36. Ne3 d4 37. Nf1 d3 38. Qd2 Qd7 39. Re1 Rxe1 40. Qxe1 Nc6 41. Qd2 Ne5 42. Ne3 Kf7 43. Kf1 Qc6 44. Nd1 Qe4 45. Qe3 Qxe3 46. Nxe3 Ke6 47. Ke1 f4 48. Kd2 fxe3+ 49. fxe3 Nc4+ 50. Kxd3 Nxb2+ 51. Kc2 Na4 52. Kb3 Nc5+ 53. Kc4 Kd6 54. Kb5 Kc7 55. g4 Ne4 56. g5 Nxg5 57. Kc4 Nxh3 58. Kd5 g5 59. e4 h5 60. e5 Nf4+ 61. Ke4 h4 62. Kf5 h3 63. Kxg5 Ne6+ 64. Kf6 h2 65. Kxe6 h1=Q 66. Ke7 Qe4 67. e6 Qe5 68. a4 Qc5+ 69. Kf7 Kd8 70. e7+ Qxe7+ 71. Kg6 Qe4+ 72. Kf6 Qxa4 73. Kg7 b5 74. Kh6 b4 75. Kg7 b3 76. Kh8 b2 0-1


[Site "https://www.chess.com"]

[Event "Titled Tuesday Blitz March 08 Late 2022"]
[White "Muradli, Mahammad"]
[Black "Csonka, Balazs"]
[WhiteFideId "13409301"]
[BlackFideId "742910"]
[WhiteElo "2611"]
[BlackElo "2404"]
[Result "1-0"]
[Round "03"]
[TimeControl "180+1"]
[Date "2022.03.08"]
[WhiteClock "0:01:15"]
[BlackClock "0:00:01"]

1. Nf3 d5 2. g3 c5 3. Bg2 Nc6 4. O-O Nf6 5. d3 e5 6. e4 d4 7. Na3 Be6 8. Nc4 Nd7 9. a4 Be7 10. Ne1 O-O 11. f4 f6 12. f5 Bf7 13. g4 a6 14. a5 Bxc4 15. dxc4 Nxa5 16. Qe2 Nc6 17. h4 Kh8 18. Ra3 b5 19. Rg3 bxc4 20. g5 Rg8 21. g6 h6 22. Qh5 Bf8 23. Nf3 d3 24. c3 Qe7 25. Rh3 Nd4 26. cxd4 exd4 27. Ng5 Ne5 28. Nf7+ Nxf7 29. gxf7 Rd8 30. Rg3 Qe5 31. Qxh6+ 1-0


[Site "https://www.chess.com"]

[Event "Titled Tuesday Blitz March 08 Late 2022"]
[White "Oparin, Grigoriy"]
[Black "Rostovtsev, Dmitry"]
[WhiteFideId "24125890"]
[BlackFideId "34278320"]
[WhiteElo "2665"]
[BlackElo "2359"]
[Result "1-0"]
[Round "03"]
[TimeControl "180+1"]
[Date "2022.03.08"]
[WhiteClock "0:01:34"]
[BlackClock "0:00:10"]

1. e4 c5 2. Nc3 Nc6 3. Bb5 Nd4 4. Bc4 g6 5. Nge2 Bg7 6. O-O a6 7. d3 e6 8. Nxd4 cxd4 9. Ne2 Ne7 10. c3 dxc3 11. bxc3 O-O 12. Ba3 Re8 13. Bd6 b5 14. Bb3 Bb7 15. Rc1 Nc8 16. Bg3 d5 17. e5 Ne7 18. d4 Nf5 19. Bf4 a5 20. Bc2 Ne7 21. Qd2 Nc6 22. Ng3 b4 23. cxb4 axb4 24. Bb1 Qb6 25. Rfd1 Na5 26. Bh6 Nc4 27. Qf4 Bh8 28. Nh5 Qd8 29. Bg5 f6 30. Bxf6 Rf8 31. Qg5 Bxf6 32. Nxf6+ Kg7 33. h4 Rxf6 34. exf6+ Qxf6 35. Qg3 Ra3 36. Rd3 h5 37. Rxa3 bxa3 38. Bd3 Ba6 39. Bxc4 Bxc4 40. Rc3 Qxd4 41. Rxa3 e5 42. Qg5 e4 43. Ra8 1-0


[Site "https://www.chess.com"]

[Event "Titled Tuesday Blitz March 08 Late 2022"]
[White "Osmonbekov, Talaibek"]
[Black "Rorrer, Grayson"]
[WhiteFideId "2017253"]
[BlackFideId "30944996"]
[WhiteElo "2135"]
[BlackElo "2122"]
[Result "1/2-1/2"]
[Round "03"]
[TimeControl "180+1"]
[Date "2022.03.09"]
[WhiteClock "0:00:52"]
[BlackClock "0:01:43"]

1. Nf3 Nf6 2. d4 e6 3. Nc3 d5 4. Bf4 Bb4 5. a3 Bxc3+ 6. bxc3 O-O 7. e3 b6 8. Bd3 Ba6 9. O-O Bxd3 10. cxd3 Nbd7 11. c4 c5 12. Qa4 cxd4 13. exd4 Qe7 14. Ne5 Nxe5 15. Bxe5 Nd7 16. cxd5 Nxe5 17. dxe5 exd5 18. d4 f6 19. Qc6 Rad8 20. f4 fxe5 21. fxe5 Rxf1+ 22. Rxf1 Qh4 23. Qe6+ Kh8 24. Qxd5 h6 25. g3 Qe7 26. Qe4 Qxa3 27. d5 Qc5+ 28. Kg2 Rxd5 29. Rf8+ Qxf8 30. Qxd5 Qe7 31. e6 Kg8 32. Qa8+ Qf8 33. Qxa7 Qf5 1/2-1/2


[Site "https://www.chess.com"]

[Event "Titled Tuesday Blitz March 08 Late 2022"]
[White "Ozates, Tuna"]
[Black "Mangialardo, Tiago Carvalho"]
[WhiteFideId "6354521"]
[BlackFideId "2130718"]
[WhiteElo "1887"]
[BlackElo "2084"]
[Result "1-0"]
[Round "03"]
[TimeControl "180+1"]
[Date "2022.03.09"]
[WhiteClock "0:02:01"]
[BlackClock "0:00:47"]

1. f4 e5 2. e4 exf4 3. Nf3 d5 4. exd5 Nf6 5. Bc4 c6 6. dxc6 Nxc6 7. O-O Bc5+ 8. Kh1 O-O 9. c3 Bg4 10. d4 Bd6 11. Qe1 Re8 12. Qh4 Qc7 13. Bd3 h6 14. Nbd2 Re3 15. Bc2 Rae8 16. Nc4 Re2 17. Bd3 Bxf3 18. gxf3 R2e7 19. Rg1 Kf8 20. Nxd6 Qxd6 21. Bxf4 Qd5 22. Raf1 Nd8 23. Qxf6 1-0


[Site "https://www.chess.com"]

[Event "Titled Tuesday Blitz March 08 Late 2022"]
[White "P., Komal Kishore"]
[Black "Rangel, Daniel"]
[WhiteFideId "5016703"]
[BlackFideId "2124475"]
[WhiteElo "2141"]
[BlackElo "2225"]
[Result "0-1"]
[Round "03"]
[TimeControl "180+1"]
[Date "2022.03.09"]
[WhiteClock "0:00:01"]
[BlackClock "0:01:50"]

1. e4 c5 2. Nf3 d6 3. Bb5+ Nd7 4. O-O e6 5. c3 Nf6 6. Qe2 Be7 7. d4 cxd4 8. cxd4 a6 9. Bd3 O-O 10. Nc3 b5 11. a3 Bb7 12. Re1 Nb6 13. b3 Rc8 14. Bb2 Nh5 15. Qd2 Re8 16. a4 b4 17. Nd1 a5 18. Rc1 Rxc1 19. Qxc1 g6 20. Bb5 Rf8 21. Nd2 Bg5 22. g3 Qa8 23. f4 Bf6 24. Ne3 Bxe4 25. Nxe4 Qxe4 26. Ng4 Bxd4+ 27. Bxd4 Qxd4+ 28. Kg2 f5 29. Ne3 Nd5 30. Nxd5 Qxd5+ 0-1


[Site "https://www.chess.com"]

[Event "Titled Tuesday Blitz March 08 Late 2022"]
[White "Papasimakopoulos, Alexandros"]
[Black "Song, Michael"]
[WhiteFideId "4244125"]
[BlackFideId "2613190"]
[WhiteElo "2720"]
[BlackElo "2477"]
[Result "1-0"]
[Round "03"]
[TimeControl "180+1"]
[Date "2022.03.09"]
[WhiteClock "0:01:05"]
[BlackClock "0:00:03"]

1. d4 f5 2. c4 Nf6 3. h3 d6 4. g4 fxg4 5. Nc3 e5 6. d5 Be7 7. hxg4 Bxg4 8. f3 Bf5 9. Bh3 Qd7 10. e4 Bxh3 11. Nxh3 Nh5 12. Ng5 Bxg5 13. Bxg5 Qf7 14. Kd2 h6 15. Be3 a6 16. Qg1 Nd7 17. b4 O-O-O 18. c5 dxc5 19. bxc5 Ndf6 20. Rb1 g5 21. c6 bxc6 22. Qf1 cxd5 23. Qxa6+ Kd7 24. exd5 Nxd5 25. Nxd5 Qxd5+ 26. Ke1 Qxf3 27. Qb5+ Ke6 28. Qc4+ Rd5 29. Qc6+ Kf5 30. Rf1 Qxf1+ 31. Kxf1 Rhd8 32. Qc2+ Kg4 33. Qe2+ Kh4 34. Rb4+ Nf4 35. Bxf4 exf4 36. Qh2+ Kg4 37. Qg2+ Kh4 38. Rb2 Rd3 39. Qh2+ Kg4 40. Qxh6 Rd1+ 41. Ke2 f3+ 42. Ke3 R8d3+ 43. Kf2 R3d2+ 44. Rxd2 Rxd2+ 45. Ke1 Re2+ 46. Kf1 Kf4 47. Qf6+ Kg4 48. a4 Re4 49. a5 Rf4 50. Qe6+ Kg3 51. a6 g4 52. Qe5 f2 53. a7 Kh3 54. Qxf4 g3 1-0


[Site "https://www.chess.com"]

[Event "Titled Tuesday Blitz March 08 Late 2022"]
[White "Paravyan, David"]
[Black "Krishnan, Varun"]
[WhiteFideId "4194985"]
[BlackFideId "5054508"]
[WhiteElo "2569"]
[BlackElo "2529"]
[Result "1-0"]
[Round "03"]
[TimeControl "180+1"]
[Date "2022.03.08"]
[WhiteClock "0:00:11"]
[BlackClock "0:00:06"]

1. e4 c5 2. Nf3 e6 3. d4 cxd4 4. Nxd4 Nc6 5. Nc3 Qc7 6. Be2 Nf6 7. Ndb5 Qb8 8. f4 a6 9. e5 axb5 10. exf6 b4 11. fxg7 Bxg7 12. Nb5 d5 13. O-O O-O 14. Bd3 f5 15. a4 bxa3 16. Rxa3 Rxa3 17. bxa3 Na7 18. a4 Nxb5 19. axb5 Qd6 20. Qe2 b6 21. Be3 Bb7 22. Re1 d4 23. Bd2 Re8 24. Bxf5 Qd5 25. Be4 Qxe4 26. Qxe4 Bxe4 27. Rxe4 Rc8 28. Rxe6 Rxc2 29. Be1 Bf8 30. Re8 Rb2 31. Kf1 Rxb5 32. Rd8 Rb1 33. Rxd4 b5 34. Ke2 b4 35. Rd8 Kf7 36. Rd7+ Kg6 37. g4 Rb2+ 38. Bd2 b3 39. Kf3 Rc2 40. Be3 b2 41. h4 Kf6 42. Rb7 Ke6 43. Bd4 Ba3 44. Ke4 Re2+ 45. Kd3 Rh2 46. f5+ Kd5 47. Bc3 Rh3+ 48. Kc2 Rh2+ 49. Kd3 Rh3+ 50. Kc2 Rh2+ 51. Bd2 Kc4 52. f6 Kd5 53. f7 Kc6 54. Rb3 Bd6 55. Rxb2 Rxh4 56. Rb8 Rxg4 57. Rd8 Be7 58. Re8 Bd6 59. Re6 Rc4+ 60. Kd3 Rc5 61. Rxd6+ Kxd6 62. f8=Q+ Kc6 63. Be3 Rd5+ 64. Kc4 Rd6 65. Qa8+ Kd7 66. Bc5 Rc6 67. Kd5 Rc7 68. Qa4+ Kd8 69. Bb6 Kc8 70. Qa8+ Kd7 71. Bxc7 Kxc7 72. Qa7+ Kd8 73. Ke6 Kc8 74. Kd6 Kd8 75. Qa8# 1-0


[Site "https://www.chess.com"]

[Event "Titled Tuesday Blitz March 08 Late 2022"]
[White "Pavlidou, Ekaterini"]
[Black "Taichman, Ori"]
[WhiteFideId "4213262"]
[BlackFideId "2804069"]
[WhiteElo "2361"]
[BlackElo "2581"]
[Result "1-0"]
[Round "03"]
[TimeControl "180+1"]
[Date "2022.03.09"]
[WhiteClock "0:00:47"]
[BlackClock "0:00:52"]

1. c4 g5 2. Nc3 Bg7 3. d4 c5 4. d5 Bxc3+ 5. bxc3 Qa5 6. Qc2 h6 7. h4 g4 8. h5 d6 9. e4 Nf6 10. f3 Nbd7 11. f4 Nb6 12. Bd3 Qa4 13. Qe2 e5 14. fxe5 dxe5 15. Be3 Qa5 16. Qd2 Na4 17. Ne2 b6 18. Rc1 Ke7 19. Bxh6 Nb2 20. Bg7 Nxd3+ 21. Qxd3 Rh7 22. h6 Ne8 23. Bxe5 Ba6 24. d6+ Kd7 25. Qg3 Bxc4 26. Qxg4+ Be6 27. Qg5 Qxa2 28. Qe7+ Kc6 29. Nd4+ cxd4 30. cxd4+ Bc4 31. d5+ Kb5 32. Qd7+ Ka6 33. Ra1 Qxa1+ 34. Bxa1 Bb5 35. Qf5 Nxd6 36. Qxh7 Re8 37. e5 f6 38. e6 Bc4 39. Qd7 Bxd5 40. Qxe8 Nxe8 41. h7 1-0


[Site "https://www.chess.com"]

[Event "Titled Tuesday Blitz March 08 Late 2022"]
[White "Petersson, Kjell"]
[Black "Todorovic, Bojan"]
[WhiteFideId "1705148"]
[BlackFideId "917087"]
[WhiteElo "2009"]
[BlackElo "2266"]
[Result "0-1"]
[Round "03"]
[TimeControl "180+1"]
[Date "2022.03.09"]
[WhiteClock "0:00:01"]
[BlackClock "0:00:07"]

1. d4 Nf6 2. Bf4 g6 3. Nc3 Bg7 4. e4 d6 5. Qd2 Nc6 6. O-O-O O-O 7. Nf3 Bg4 8. Qe3 Qe8 9. Bh6 Bxf3 10. gxf3 e5 11. dxe5 Nxe5 12. h4 Nh5 13. Be2 Qe6 14. Bxg7 Kxg7 15. f4 Nc6 16. Bxh5 gxh5 17. Rd5 Kh8 18. Rxh5 Rg8 19. f5 Qe5 20. Rg5 f6 21. Rgg1 Qd4 22. Qh6 Ne7 23. Rd1 Qe5 24. Rd5 Nxd5 25. Nxd5 Qxe4 26. Rd1 Qxf5 27. Nxf6 Rg7 28. Nh5 Rf7 29. Ng3 Qg6 30. Qe3 Raf8 31. Qd4+ Kg8 32. h5 Qf6 33. Qg4+ Kh8 34. Rf1 Qf4+ 35. Qxf4 Rxf4 36. Nh1 Rf3 37. Kd2 Kg7 38. Ke2 R3f5 39. Ng3 Re5+ 40. Kd2 Rf4 41. Kd3 Kf6 42. c3 h6 43. Kd2 Rg5 44. Ke2 Rxg3 45. fxg3 Rxf1 46. Kxf1 Kg5 47. Kf2 Kxh5 48. Kf3 Kg5 49. Ke3 h5 50. Kf3 d5 51. b3 c5 52. a3 d4 53. cxd4 cxd4 0-1


[Site "https://www.chess.com"]